 Dungeon Crawl Stone Soup version 0.31.0-11-ge490571c62 (webtiles) character file.

Game seed: 6692540887716517584

128 qw the Skirmisher (level 4, -1/25 HPs)
             Began as a Deep Elf Hunter on Feb 3, 2024.
             Slain by an orc
             ... wielding a +0 dagger
              (2 damage)
             ... on level 3 of the Dungeon.
             The game lasted 00:00:07 (2069 turns).

qw the Skirmisher (Deep Elf Hunter)                 Turns: 2069, Time: 00:00:08

Health: -1/25      AC:  6    Str: 16    XL:     4   Next: 87%
Magic:  6/6        EV: 10    Int: 14    God:
Gold:   106        SH:  0    Dex: 18    Spells: 3/3 levels left

rFire   + . .        a - +0 shortbow
rCold   + . .        (shield currently unavailable)
rNeg    . . .        b - +0 scale mail
rPois   .            (no helmet)
rElec   .            l - scarf {rC+ rF+}
rCorr   .            (no gloves)
SInv    .            (no boots)
Will    +....        (no amulet)
Stlth   +            d - +6 ring of strength
HPRegen 0.24/turn    j - ring of willpower
MPRegen 0.10/turn

%: no passive effects
@: about to teleport
A: no striking features
a: no special abilities


You were on level 3 of the Dungeon.
You visited 1 branch of the dungeon, and saw 4 of its levels.

You collected 106 gold pieces.


   Skills:
 - Level 1.5 Fighting
 + Level 8.1 Ranged Weapons
 - Level 2.8 Dodging
 - Level 1.2 Stealth


You had 3 spell levels left.
You didn't know any spells.
Your spell library was empty.

Inventory:

Hand Weapons
 a - a +0 shortbow (weapon)
Armour
 b - a +0 scale mail (worn)
 h - a +1 cloak
 l - a scarf of resistance (worn)
Jewellery
 d - a +6 ring of strength (left hand)
 g - a ring of fire
 j - a ring of willpower (right hand)
Wands
 i - a wand of roots (7)
Scrolls
 m - 2 scrolls of identify
Potions
 e - a potion of curing
 f - a potion of resistance

Dungeon Overview and Level Annotations

Branches:
Dungeon (4/15)
 Temple: D:4-7

Altars:

Shops:
D:2 (:[[(


Message History

The arrow hits the goblin but does no damage.
The goblin unwields a +0 club.
The goblin wields a +0 sling.
The goblin shoots a sling bullet.
The sling bullet closely misses you.
A goblin comes into view. It is wielding a +0 dagger.
You shoot an arrow. The arrow barely misses the hound.
The hound stops to sniff the ground.
The goblin shoots a sling bullet.
The sling bullet hits you.
2051 ||| STAIRDANCE The goblin shoots a sling bullet.
The sling bullet hits you but does no damage.
You climb upwards.
There is a stone staircase leading down here.
You start resting.
HP restored.
You climb downwards.
The hound bites you but does no damage. The orc hits you with a +0 dagger.
The goblin barely misses you. The hound barely misses you. The hound bites you.
The goblin hits you with a +0 dagger. The orc closely misses you.
There is a stone staircase leading up here.
2064 ||| STAIRDANCE The hound closely misses you.
The orc hits you with a +0 dagger. The goblin hits you with a +0 dagger.
You climb upwards.
There is a stone staircase leading down here.
You shoot an arrow. The arrow hits the hound.
The hound is moderately wounded.
The hound bites you but does no damage. x2; The orc hits you with a +0 dagger.
The goblin hits you but does no damage.
You shoot an arrow. The arrow misses the hound.
The hound bites you. The goblin hits you with a +0 dagger.
The orc hits you with a +0 dagger. The hound closely misses you.
2068 ||| READING scroll of teleportation.
As you read the scroll of teleportation, it crumbles to dust.
You feel strangely unstable. The hound bites you but does no damage.
The goblin hits you but does no damage. The orc closely misses you.
You shoot an arrow. The arrow closely misses the hound.
The hound bites you but does no damage. The goblin hits you with a +0 dagger.
The orc hits you with a +0 dagger.
You die...

##.####### #.......# #.#
######### # ###.####### #
#.........# # #.#.#####.# #
......###.####### ########### #
#.#.#...........# #.........# #
#.........#####g#####.........#
# .......####
#.h@........>....# # .....#.#
#...o............### #......#
#................... ###.####
#................### #.#
#......)........<# #.#
#................# ##'##
#................# ##...##
####.##########.## #.....## ###
#.# ##.#


You could see a hound, an orc and a goblin.

Vanquished Creatures
  Jessica (D:2)
  An orc wizard (D:3)
  An adder (D:3)
  3 dart slugs (D:1)
  2 ribbon worms
  3 orcs (D:3)
  5 bats
  4 endoplasms
  6 giant cockroaches
  5 goblins
  5 hobgoblins
  2 jackals (D:2)
  A quokka (D:2)
  3 ball pythons (D:1)
  3 frilled lizards
  5 kobolds
  2 rats (D:1)
52 creatures vanquished.

Notes
Turn   | Place    | Note
-------+----------+-------------------------------------------
     0 | D:1      | qw the Deep Elf Hunter began the quest for the Orb.
     0 | D:1      | Reached XP level 1. HP: 12/12 MP: 3/3
     0 | D:1      | 0 ||| qw: Version: 0.3-a-157-g843a77d
     0 | D:1      | 0 ||| qw: Game counter: 3675
     0 | D:1      | 0 ||| qw: Melee chars always use a shield: true
     0 | D:1      | 0 ||| qw: God list: Okawaru
     0 | D:1      | 0 ||| qw: Allow faded altars: false
     0 | D:1      | 0 ||| qw: Do Orc after clearing Dungeon:15 true
     0 | D:1      | 0 ||| qw: Do second Lair branch before Depths: true
     0 | D:1      | 0 ||| qw: Lair rune preference: random
     0 | D:1      | 0 ||| qw: Goals: Normal
     0 | D:1      | 0 ||| PLANNING D:1-11
   121 | D:1      | Reached skill level 6 in Ranged Weapons
   121 | D:1      | Reached XP level 2. HP: 16/16 MP: 4/4
   501 | D:1      | Reached XP level 3. HP: 20/20 MP: 5/5
   584 | D:1      | 584 ||| UPGRADING to +0 cloak.
   589 | D:1      | 589 ||| UPGRADING to +6 ring of strength.
   590 | D:1      | 590 ||| DRINKING 2 purple potions.
   591 | D:1      | 591 ||| DRINKING 3 bubbling green potions.
   592 | D:1      | 592 ||| DROPPING scroll of butterflies.
   593 | D:1      | 593 ||| DROPPING 2 potions of brilliance.
   662 | D:2      | 662 ||| READING scroll labelled ECUATR ZINUI.
   662 | D:2      | 662 ||| IDENTIFYING fuming green potion
   739 | D:2      | Found Neosocan's Book Shop.
   745 | D:2      | Found Gasian's Antique Weapon Shoppe.
   753 | D:2      | 753 ||| SHOPLISTING crystal arbalest (275 gold, have 36).
   753 | D:2      | 753 ||| SHOPLISTING polished sling (188 gold, have 36).
   765 | D:2      | Found a faded altar of an unknown god.
   795 | D:2      | Found Hyrist's Armour Boutique.
   801 | D:2      | 801 ||| SHOPLISTING +0 helmet (63 gold, have 39).
   801 | D:2      | 801 ||| SHOPLISTING +0 pair of boots (63 gold, have 39).
   801 | D:2      | 801 ||| SHOPLISTING +0 ring mail (56 gold, have 39).
   801 | D:2      | 801 ||| SHOPLISTING +2 pair of gloves (231 gold, have 39).
   801 | D:2      | 801 ||| SHOPLISTING +6 ring mail of the Everdark {+Blink
                  | rPois Dex+2} (789 gold, have 39).
   803 | D:2      | Found Lurawn's Weapon Shop.
   850 | D:2      | Reached skill level 7 in Ranged Weapons
   885 | D:2      | Noticed Jessica
   890 | D:2      | Killed Jessica
   891 | D:2      | Reached XP level 4. HP: 18/25 MP: 6/6
  1039 | D:2      | Found Zagaxug's Antique Armour Shop.
  1042 | D:2      | 1042 ||| SHOPLISTING glowing ring mail (119 gold, have 57).
  1042 | D:2      | 1042 ||| SHOPLISTING helmet (76 gold, have 57).
  1042 | D:2      | 1042 ||| SHOPLISTING ring mail (68 gold, have 57).
  1111 | D:2      | 1111 ||| UPGRADING to ring of willpower.
  1112 | D:2      | 1112 ||| READING scroll labelled LIMEESMIMME.
  1113 | D:2      | 1113 ||| READING scroll labelled ITZOUSU QOLOURGHI.
  1113 | D:2      | 1113 ||| ENCHANTING +0 cloak.
  1114 | D:2      | 1114 ||| READING 2 scrolls labelled VOMEMOUNWU.
  1380 | D:3      | Reached skill level 8 in Ranged Weapons
  1983 | D:3      | 1983 ||| UPGRADING to +0 scale mail.
  1993 | D:3      | 1993 ||| DROPPING +0 leather armour.
  1994 | D:3      | 1994 ||| UPGRADING to scarf of resistance.
  2051 | D:4      | 2051 ||| STAIRDANCE
  2064 | D:4      | 2064 ||| STAIRDANCE
  2067 | D:3      | HP: 6/25 [hound (4)]
  2068 | D:3      | 2068 ||| READING scroll of teleportation.
  2069 | D:3      | HP: 1/25 [goblin/+0 dagger (3)]
  2069 | D:3      | Slain by an orc

Levels and vault maps discovered:
D:1:      ebering_hopf_link, layout_basic, minivault_25
D:2:      layout_basic, serial_shops, shop, shop, nicolae_shop_tiny_waterfront,
          nicolae_shop_behind_doors, shop,
          hellmonk_ecumenical_altar_pennies_from_heaven,
          nicolae_elevator_lobby_plus, uniq_jessica
D:3:      layout_loops_corners
D:4:      layout_basic, nicolae_zig_zag_zippers, uniq_duvessa

Skill      XL: |  1  2  3  4 |
---------------+-------------+-----
Ranged Weapons | 6 7 8 |  8.1
Fighting       | |  1.5
Dodging        | |  2.8
Stealth        | |  1.2

Action                     |  1- 3 |  4- 6 || total
---------------------------+-------+-------++-------
   Fire: Shortbow          |    86 |    54 ||   140
    Use: Potion            |     2 |       ||     2
         Scroll            |     1 |     4 ||     5
 Armour: Leather armour    |     7 |     9 ||    16
         Scale mail        |       |    20 ||    20
  Dodge: Dodged            |     7 |    13 ||    20

Table legend:
 A = Non-vault XP
 B = Vault XP
 C = Vault XP percentage of total XP
 D = Non-vault monster count
 E = Vault monster count
 F = Vault count percentage of total count
                 A         B        C        D         E       F
            +---------+---------+-------+---------+---------+-------
      Total |     147 |      37 |  20.1 |      51 |       1 |   1.9
            +---------+---------+-------+---------+---------+-------
        D:1 |      42 |       0 |   0.0 |      21 |       0 |   0.0
        D:2 |      28 |      37 |  56.9 |      15 |       1 |   6.2
        D:3 |      77 |       0 |   0.0 |      15 |       0 |   0.0
            +---------+---------+-------+---------+---------+-------
